PCL
ALBUQUERQUE ISOTOPES @ GRESHAM GOLD SOULS
04/07/2030
 
TOP OF THE 1ST
Albuquerque Isotopes batting - Pitching for Gresham Gold Souls : RHP Terry Norris
Pitching: RHP Terry Norris
Batting: LHB Burt Ward 0-0: Ball
1-0: Called Strike
1-1: Foul Ball, location: 2F
1-2: SINGLE (Groundball, 34D)
Batting: RHB Javier Peña 0-0: Foul Ball, location: 2F
0-1: Called Strike
0-2: Ball
1-2: Grounds into double play, 6-4-3 (Groundball, 6)
Batting: LHB Edward Bennett 0-0: Swinging Strike
0-1: Ground out 5-3 (Groundball, 5)
Top of the 1st over - 0 runs, 1 hit, 0 errors, 0 left on base; Albuquerque 0 - Gresham 0
BOTTOM OF THE 1ST
Gresham Gold Souls batting - Pitching for Albuquerque Isotopes : LHP Sean Perry
Pitching: LHP Sean Perry
Batting: LHB Bill Smith 0-0: Foul Ball, location: 2F
0-1: Ball
1-1: Ball
2-1: Called Strike
2-2: Strikes out swinging
Batting: RHB Adam Thomas 0-0: Ball
1-0: Ball
2-0: SINGLE (Line Drive, 9S)
Batting: RHB Peter Hensley 0-0: Ball
Adam Thomas is caught stealing 2nd base
1-0: Called Strike
1-1: Ball
2-1: Foul Ball, location: 2F
2-2: Strikes out swinging
Bottom of the 1st over - 0 runs, 1 hit, 0 errors, 0 left on base; Albuquerque 0 - Gresham 0
TOP OF THE 2ND
Albuquerque Isotopes batting - Pitching for Gresham Gold Souls : RHP Terry Norris
Batting: RHB Roberto Tobías 0-0: Called Strike
0-1: Called Strike
0-2: Foul Ball, location: 2F
0-2: Strikes out looking
Batting: LHB Tanyu Imai 0-0: Called Strike
0-1: Called Strike
0-2: Ball
1-2: Ball
2-2: Strikes out swinging
Batting: SHB Manuel Hegnauer 0-0: Ball
1-0: Ball
2-0: Called Strike
2-1: Foul Ball, location: 2F
2-2: Foul Ball, location: 2F
2-2: SINGLE (Groundball, 3D)
Batting: RHB Piotr Zahn 0-0: Foul Ball, location: 2F
0-1: Foul Ball, location: 2F
0-2: Foul Ball, location: 2F
0-2: Ball
1-2: SINGLE (Groundball, 5D)
Manuel Hegnauer to second
Batting: RHB Kelly Graham 0-0: Called Strike
0-1: Called Strike
0-2: Strikes out looking
Top of the 2nd over - 0 runs, 2 hits, 0 errors, 2 left on base; Albuquerque 0 - Gresham 0
BOTTOM OF THE 2ND
Gresham Gold Souls batting - Pitching for Albuquerque Isotopes : LHP Sean Perry
Batting: RHB Mario Méndez 0-0: SINGLE (Flyball, 78M)
Batting: SHB Todd Smith 0-0: Called Strike
0-1: Ball
1-1: Ball
2-1: Ball
3-1: Fly out, F8 (Flyball, 8LM)
Batting: RHB David Hernández 0-0: Foul Ball, location: 2F
0-1: Swinging Strike
0-2: Ball
1-2: Ball
2-2: Strikes out swinging
Batting: SHB Felipe Castro 0-0: Ball
1-0: SINGLE (Line Drive, 89S)
Mario Méndez to second
Runner from 2nd tries for 3rd, SAFE, throw made to third
Batting: RHB Willie Houk 0-0: Called Strike
0-1: Called Strike
0-2: Ball
1-2: Foul Ball, location: 2F
1-2: Fly out, F8 (Flyball, 78D)
Bottom of the 2nd over - 0 runs, 2 hits, 0 errors, 2 left on base; Albuquerque 0 - Gresham 0
TOP OF THE 3RD
Albuquerque Isotopes batting - Pitching for Gresham Gold Souls : RHP Terry Norris
Batting: RHB Julián Garza 0-0: Called Strike
0-1: Ground out 6-3 (Groundball, 6)
Batting: LHB Burt Ward 0-0: Ball
1-0: SINGLE (Line Drive, 34)
Batting: RHB Javier Peña 0-0: Ball
1-0: Foul Ball, location: 2F
1-1: SINGLE (Groundball, 3S) (infield hit)
Burt Ward to second
Batting: LHB Edward Bennett 0-0: Ball
1-0: Foul Ball, location: 2F
1-1: SINGLE (Groundball, 4MD)
Burt Ward to third
Javier Peña to second
Runner from 3rd tries for Home, SAFE, no throw
Batting: RHB Roberto Tobías 0-0: Foul Ball, location: 2F
0-1: Swinging Strike
0-2: Ball
1-2: Strikes out swinging
Batting: LHB Tanyu Imai 0-0: Ground out 4-3 (Groundball, 34)
Top of the 3rd over - 1 run, 3 hits, 0 errors, 2 left on base; Albuquerque 1 - Gresham 0
BOTTOM OF THE 3RD
Gresham Gold Souls batting - Pitching for Albuquerque Isotopes : LHP Sean Perry
Batting: RHB Gustavo Pagán 0-0: Ball
1-0: Called Strike
1-1: Called Strike
1-2: Ball
2-2: Strikes out looking
Batting: LHB Bill Smith 0-0: Fly out, F9 (Flyball, 9LS)
Batting: RHB Adam Thomas 0-0: Called Strike
0-1: Called Strike
0-2: Ball
1-2: Ball
2-2: Ball
3-2: Base on Balls
Batting: RHB Peter Hensley 0-0: Ball
1-0: Ball
2-0: Ball
3-0: Called Strike
3-1: Base on Balls
Adam Thomas to second
Batting: RHB Mario Méndez 0-0: Called Strike
0-1: Called Strike
0-2: Ball
1-2: Ball
2-2: Fielders Choice at 2nd, 6-4 (Groundball, 6)
Bottom of the 3rd over - 0 runs, 0 hits, 0 errors, 2 left on base; Albuquerque 1 - Gresham 0
TOP OF THE 4TH
Albuquerque Isotopes batting - Pitching for Gresham Gold Souls : RHP Terry Norris
Batting: SHB Manuel Hegnauer 0-0: Ball
1-0: Called Strike
1-1: Foul Ball, location: 2F
1-2: Ball
2-2: Ground out 4-3 (Groundball, 4MS)
Batting: RHB Piotr Zahn 0-0: Ball
1-0: SINGLE (Flyball, 89S) - OUT at second base trying to stretch hit.
Batting: RHB Kelly Graham 0-0: Ball
1-0: Foul Ball, location: 2F
1-1: Called Strike
1-2: Ball
2-2: SINGLE (Groundball, 4MD)
Batting: RHB Julián Garza 0-0: Ball
1-0: Ball
2-0: Called Strike
2-1: Foul Ball, location: 2F
2-2: Ground out 4-3 (Groundball, 4)
Top of the 4th over - 0 runs, 2 hits, 0 errors, 1 left on base; Albuquerque 1 - Gresham 0
BOTTOM OF THE 4TH
Gresham Gold Souls batting - Pitching for Albuquerque Isotopes : LHP Sean Perry
Batting: SHB Todd Smith 0-0: Ground out 6-3 (Groundball, 6S)
Batting: RHB David Hernández 0-0: Fly out, F1 (Line Drive, 15)
Batting: SHB Felipe Castro 0-0: Ball
1-0: Foul Ball, location: 2F
1-1: DOUBLE (Line Drive, 9LD)
Batting: RHB Willie Houk 0-0: Ball
1-0: 2-RUN HOME RUN (Flyball, 7LD), Distance : 361 ft
Batting: RHB Gustavo Pagán 0-0: Called Strike
0-1: Ball
1-1: Foul Ball, location: 2F
1-2: Ball
2-2: Strikes out swinging
Bottom of the 4th over - 2 runs, 2 hits, 0 errors, 0 left on base; Albuquerque 1 - Gresham 2
TOP OF THE 5TH
Albuquerque Isotopes batting - Pitching for Gresham Gold Souls : RHP Terry Norris
Batting: LHB Burt Ward 0-0: Called Strike
0-1: Foul Ball, location: 2F
0-2: Foul Ball, location: 2F
0-2: Ball
1-2: Ball
2-2: Foul Ball, location: 2F
2-2: Ball
3-2: SINGLE (Line Drive, 6MD)
Batting: RHB Javier Peña 0-0: Ball
1-0: Ball
2-0: Ball
3-0: Called Strike
3-1: Foul Ball, location: 2F
3-2: Grounds into double play, 6-4-3 (Groundball, 6)
Batting: LHB Edward Bennett 0-0: Ball
1-0: SINGLE (Groundball, 6D)
Batting: RHB Roberto Tobías 0-0: Called Strike
Edward Bennett steals 2nd base
0-1: Foul Ball, location: 2F
0-2: Ball
1-2: Ball
2-2: Ball
3-2: Base on Balls
Batting: LHB Tanyu Imai 0-0: Called Strike
0-1: Fielders Choice at 2nd, 6-4 (Groundball, 6)
Top of the 5th over - 0 runs, 2 hits, 0 errors, 2 left on base; Albuquerque 1 - Gresham 2
BOTTOM OF THE 5TH
Gresham Gold Souls batting - Pitching for Albuquerque Isotopes : LHP Sean Perry
Batting: LHB Bill Smith 0-0: Called Strike
0-1: Fly out, F7 (Flyball, 7S)
Batting: RHB Adam Thomas 0-0: Ball
1-0: Ball
2-0: Foul Ball, location: 2F
2-1: Ball
3-1: Swinging Strike
3-2: Strikes out swinging
Batting: RHB Peter Hensley 0-0: Ball
1-0: Ball
2-0: Foul Ball, location: 2F
2-1: Ball
3-1: Called Strike
3-2: Foul Ball, location: 2F
3-2: SINGLE (Flyball, 78M)
Batting: RHB Mario Méndez 0-0: Called Strike
0-1: Ball
1-1: Swinging Strike
1-2: Ball
2-2: Strikes out swinging
Bottom of the 5th over - 0 runs, 1 hit, 0 errors, 1 left on base; Albuquerque 1 - Gresham 2
TOP OF THE 6TH
Albuquerque Isotopes batting - Pitching for Gresham Gold Souls : RHP Terry Norris
Batting: SHB Manuel Hegnauer 0-0: Called Strike
0-1: Ball
1-1: Fly out, F7 (Flyball, 78D)
Batting: RHB Piotr Zahn 0-0: Ball
1-0: SOLO HOME RUN (Flyball, 9LD), Distance : 350 ft
Batting: RHB Kelly Graham 0-0: Ground out 1-3 (Groundball, P)
Batting: RHB Julián Garza 0-0: Ball
1-0: Swinging Strike
1-1: Ball
2-1: Ground out 6-3 (Groundball, 6M)
Top of the 6th over - 1 run, 1 hit, 0 errors, 0 left on base; Albuquerque 2 - Gresham 2
BOTTOM OF THE 6TH
Gresham Gold Souls batting - Pitching for Albuquerque Isotopes : LHP Sean Perry
Batting: SHB Todd Smith 0-0: Ball
1-0: Ball
2-0: Called Strike
2-1: SOLO HOME RUN (Flyball, 7LD), Distance : 352 ft
Batting: RHB David Hernández 0-0: Ball
1-0: Ground out 4-3 (Groundball, 4D)
Batting: SHB Felipe Castro 0-0: Ball
1-0: Called Strike
1-1: Swinging Strike
1-2: SINGLE (Groundball, 56D)
Batting: RHB Willie Houk 0-0: Ball
1-0: Swinging Strike
1-1: Ball
2-1: Foul Ball, location: 2F
2-2: Strikes out swinging
Batting: RHB Gustavo Pagán 0-0: Swinging Strike
0-1: Ball
1-1: Ball
2-1: Foul Ball, location: 2F
2-2: Foul Ball, location: 2F
2-2: Strikes out looking
Bottom of the 6th over - 1 run, 2 hits, 0 errors, 1 left on base; Albuquerque 2 - Gresham 3
TOP OF THE 7TH
Albuquerque Isotopes batting - Pitching for Gresham Gold Souls : RHP Terry Norris
Pitching: RHP Ramón Marerro
Now at 1B: Jeff Forsyth
Batting: LHB Burt Ward 0-0: Called Strike
0-1: Swinging Strike
0-2: Ball
1-2: Strikes out swinging
Batting: RHB Javier Peña 0-0: Fly out, F7 (Flyball, 7D)
Batting: LHB Edward Bennett 0-0: Ball
1-0: Foul Ball, location: 2F
1-1: Ground out 5-3 (Groundball, 56S)
Top of the 7th over - 0 runs, 0 hits, 0 errors, 0 left on base; Albuquerque 2 - Gresham 3
BOTTOM OF THE 7TH
Gresham Gold Souls batting - Pitching for Albuquerque Isotopes : LHP Sean Perry
Pitching: RHP Ricardo Gutiérrez
Batting: LHB Bill Smith 0-0: Ball
1-0: Swinging Strike
1-1: Fly out, F9 (Flyball, 9LD)
Batting: RHB Adam Thomas 0-0: Swinging Strike
0-1: Called Strike
0-2: Strikes out looking
Batting: RHB Peter Hensley 0-0: Foul Ball, location: 2F
0-1: Ball
1-1: Ball
2-1: Ground out 6-3 (Groundball, 56)
Bottom of the 7th over - 0 runs, 0 hits, 0 errors, 0 left on base; Albuquerque 2 - Gresham 3
TOP OF THE 8TH
Albuquerque Isotopes batting - Pitching for Gresham Gold Souls : RHP Ramón Marerro
Batting: RHB Roberto Tobías 0-0: Swinging Strike
0-1: Foul Ball, location: 2F
0-2: Strikes out looking
Batting: LHB Tanyu Imai 0-0: Called Strike
0-1: Ball
1-1: Ball
2-1: Foul Ball, location: 2F
2-2: Strikes out swinging
Batting: SHB Manuel Hegnauer 0-0: Ball
1-0: Foul Ball, location: 2F
1-1: Foul Ball, location: 2F
1-2: Ground out 5-3 (Groundball, 56)
Top of the 8th over - 0 runs, 0 hits, 0 errors, 0 left on base; Albuquerque 2 - Gresham 3
BOTTOM OF THE 8TH
Gresham Gold Souls batting - Pitching for Albuquerque Isotopes : RHP Ricardo Gutiérrez
Batting: RHB Mario Méndez 0-0: Ball
1-0: Swinging Strike
1-1: Ball
2-1: Foul Ball, location: 2F
2-2: Foul Ball, location: 2F
2-2: Fly out, F8 (Flyball, 8LS)
Batting: SHB Todd Smith 0-0: Ball
1-0: Ball
2-0: Swinging Strike
2-1: Swinging Strike
2-2: Fly out, F9 (Flyball, 9LM)
Batting: RHB David Hernández 0-0: Ball
1-0: Ball
2-0: Called Strike
2-1: Ground out 4-3 (Groundball, 4)
Bottom of the 8th over - 0 runs, 0 hits, 0 errors, 0 left on base; Albuquerque 2 - Gresham 3
TOP OF THE 9TH
Albuquerque Isotopes batting - Pitching for Gresham Gold Souls : RHP Ramón Marerro
Pinch Hitting: LHB Fernando Ortíz 0-0: Called Strike
0-1: Swinging Strike
0-2: Strikes out swinging
Pinch Hitting: LHB José González 0-0: Ball
1-0: Called Strike
1-1: Ball
2-1: Foul Ball, location: 2F
2-2: Fly out, F4 (Popup, 4)
Pinch Hitting: SHB Thomas Simmons 0-0: Ball
1-0: Ball
2-0: Called Strike
2-1: Ground out U3 (Groundball, 34)
Top of the 9th over - 0 runs, 0 hits, 0 errors, 0 left on base; Albuquerque 2 - Gresham 3
Saturday, April 7th, 2018 - OOTP Baseball 18.8 Build 76